 Dungeon Crawl Stone Soup version 0.29-a0-275-g389c0b56f3 (webtiles) character file.

Game seed: 1575785887409871816

2278 bande the Cleaver (level 9, -5/55 HPs)
             Began as a Gargoyle Fighter on Mar 10, 2022.
             Slain by a skeletal warrior
             ... wielding a +0 war axe
              (8 damage)
             ... on level 8 of the Dungeon.
             The game lasted 00:15:05 (8485 turns).

bande the Cleaver (Gargoyle Fighter)                Turns: 8485, Time: 00:15:05

Health: -5/55      AC: 23    Str: 17    XL:     9   Next: 39%
Magic:  9/9        EV: 11    Int: 12    God:
Gold:   319        SH: 13    Dex: 19    Spells: 8/8 levels left

rFire   + . .      SeeInvis .   a - +0 war axe
rCold   . . .      Faith    .   k - +2 buckler
rNeg    + . .      Spirit   .   h - +0 chain mail {rF+}
rPois   ∞          Reflect  +   (no helmet)
rElec   +          Harm     .   (no cloak)
rCorr   .          Rampage  .   r - +0 pair of gloves
Will    .....                   j - +2 pair of boots
Stlth   ..........              C - amulet of reflection
HPRegen 0.18/turn               y - +4 ring of evasion
MPRegen 0.11/turn               o - +6 ring of dexterity

@: mighty
A: sickness immunity, AC +6, negative energy resistance 1, electricity
resistance, torment resistance 1, petrification resistance, iridescent scales 1,
clever 1, weak 1
a: no special abilities


You were on level 8 of the Dungeon.
You visited 2 branches of the dungeon, and saw 9 of its levels.

You collected 319 gold pieces.

Inventory:

Hand Weapons
 a - a +0 war axe (weapon)
 i - a +0 war axe
Missiles
 z - a throwing net (quivered)
Armour
 h - a +0 chain mail of fire resistance (worn)
 j - a +2 pair of boots (worn)
 k - a +2 buckler (worn)
 r - a +0 pair of gloves (worn)
Jewellery
 b - a ring of protection from fire
 o - a +6 ring of dexterity (right hand)
 w - a ring of magical power
 y - a +4 ring of evasion (left hand)
 C - an amulet of reflection (around neck)
Wands
 x - a wand of iceblast (12)
Scrolls
 n - 2 scrolls of teleportation
 u - a scroll of fear
 v - a scroll of blinking
 A - a scroll of noise {unknown}
 B - a scroll of enchant armour
Potions
 c - a potion of attraction {unknown}
 e - 2 potions of flight
 f - a potion of brilliance {unknown}
 g - 4 potions of haste
 l - 2 potions of berserk rage {unknown}
 m - a potion of resistance {unknown}
 p - a potion of mutation
 q - a potion of magic {unknown}
 s - a potion of lignification {unknown}
 t - 2 potions of curing {unknown}


   Skills:
 + Level 5.8 Fighting
 + Level 8.1 Axes
 + Level 7.0 Armour
 + Level 6.0 Shields
 * Level 1.2 Evocations


You had 8 spell levels left.
You didn't know any spells.
Your spell library contained the following spells:

 Spells                   Type           Power      Damage    Failure   Level
 Animate Skeleton         Necr           0%         N/A       99%         1
 Apportation              Tloc           0%         N/A       99%         1
 Beastly Appendage        Tmut           0%         N/A       99%         1
 Summon Small Mammal      Summ           0%         N/A       99%         1
 Ensorcelled Hibernation  Hex/Ice        0%         N/A       100%        2
 Passwall                 Tmut/Erth      0%         N/A       100%        2
 Wereblood                Tmut           0%         N/A       100%        2
 Spider Form              Tmut/Pois      0%         N/A       100%        3
 Swiftness                Air            0%         N/A       100%        3
 Alistair's Intoxication  Tmut/Pois      0%         N/A       100%        5


Dungeon Overview and Level Annotations

Branches:
Dungeon (8/15)             Temple (1/1) D:5
   Lair: D:8-11

Altars:
Ashenzari
Cheibriados
Dithmenos
Elyvilon
Fedhas
Gozag
Hepliaklqana
Kikubaaqudgha
Makhleb
Nemelex Xobeh
Qazlal
Ru
Sif Muna
Trog
Uskayaw
Vehumet
Wu Jian
Xom
Yredelemnul
Zin
The Shining One

Shops:
D:2 [

Portals:
Abyss: D:5

Annotations:
D:7 2 transporters


Innate Abilities, Weirdness & Mutations

You are immune to sickness and miasma.
Your stone body is resilient. (AC +6)
You are immune to poison.
You resist negative energy. (rN+)
You are resistant to electric shocks. (rElec)
You are resistant to unholy torment.
You are immune to petrification.
You are partially covered in iridescent scales. (AC +2)
Your mind is acute. (Int +2)
You are weak. (Str -2)


Message History

The skeletal warrior hits you with a +0 war axe!
You slash the skeletal warrior!
The skeletal warrior is moderately damaged.
You block the skeletal warrior's attack.
You hit the skeletal warrior but do no damage.
The skeletal warrior is moderately damaged.
You block the skeletal warrior's attack.
You closely miss the skeletal warrior.
The skeletal warrior is moderately damaged.
You block the skeletal warrior's attack.
You hit the skeletal warrior.
The skeletal warrior is moderately damaged.
The skeletal warrior hits you with a +0 war axe!
You block the skeletal warrior's attack.
You hit the skeletal warrior but do no damage.
The skeletal warrior is moderately damaged.
The skeletal warrior hits you with a +0 war axe!!
* * * LOW HITPOINT WARNING * * *
You are too injured to fight recklessly!
You are too injured to fight recklessly!
You are too injured to fight recklessly!
You are too injured to fight recklessly!
You are too injured to fight recklessly!
You are too injured to fight recklessly!
You feel very mighty all of a sudden.
The skeletal warrior hits you but does no damage.
You closely miss the skeletal warrior.
The skeletal warrior is moderately damaged.
The skeletal warrior hits you with a +0 war axe!
* * * LOW HITPOINT WARNING * * *
You barely miss the skeletal warrior.
The skeletal warrior is moderately damaged.
You block the skeletal warrior's attack.
You barely miss the skeletal warrior.
The skeletal warrior is moderately damaged.
The skeletal warrior barely misses you.
You hit the skeletal warrior.
The skeletal warrior is moderately damaged.
The skeletal warrior hits you with a +0 war axe!
You die...

#### #.. ##.. #.. #?z#
#.# ##@# #.# #.#### #####
#.# ##.#.## ....#######.#
#.#.#.## ............#
######.#
............###.#.#.##..#
....#######.#..........#
....# ##.#.##########
#.#.######.#..##


You could see a skeletal warrior.

Vanquished Creatures
  A steam dragon (D:7)
  2 ice beasts
  A kobold brigand (D:7)
  2 bullfrogs (D:7)
  5 scorpions
  4 necrophages
  The ghost of Esekla the Sneak, a weakling BaDe (D:5)
  3 howler monkeys
  2 bullfrog zombies (D:5)
  A centaur zombie (D:5)
  A quasit (D:5)
  2 hounds (D:5)
  2 jellies
  An orc priest (D:8)
  3 iguanas
  9 orc wizards
  A scorpion zombie (D:5)
  2 small abominations (D:5)
  A hound skeleton (D:5)
  4 gnolls
  7 adders
  An ufetubus (D:7)
  4 worms (D:2)
  2 adder skeletons (D:5)
  7 dart slugs
  23 orcs
  9 endoplasms
  2 giant cockroaches
  7 goblins
  8 hobgoblins
  3 jackals (D:2)
  4 quokkas
  5 ball pythons
  6 bats
  2 frilled lizards
  9 kobolds
  7 rats
154 creatures vanquished.

Vanquished Creatures (collateral kills)
  A scorpion (D:6)
1 creature vanquished.

Vanquished Creatures (others)
  An orc (D:8)
  2 plants (D:2)
3 creatures vanquished.

Grand Total: 158 creatures vanquished

Notes
Turn   | Place    | Note
-------+----------+-------------------------------------------
     0 | D:1      | bande the Gargoyle Fighter began the quest for the Orb.
     0 | D:1      | Reached XP level 1. HP: 14/14 MP: 1/1
   553 | D:1      | Reached XP level 2. HP: 19/19 MP: 2/2
   851 | D:1      | Reached skill level 2 in Axes
  1054 | D:1      | Reached XP level 3. HP: 21/23 MP: 3/3
  2115 | D:2      | Reached XP level 4. HP: 26/29 MP: 4/4
  2663 | D:2      | Reached skill level 3 in Axes
  2775 | D:2      | Found a faded altar of an unknown god.
  2825 | D:2      | Found Ydor Nung's Antique Armour Shop.
  3279 | D:3      | Reached XP level 5. HP: 33/33 MP: 5/5
  4025 | D:4      | Found a glowing golden altar of the Shining One.
  4083 | D:4      | Reached XP level 6. HP: 38/38 MP: 6/6
  4107 | D:4      | Reached skill level 4 in Axes
  4276 | D:5      | Entered Level 5 of the Dungeon
  4311 | D:5      | Found a one-way gate to the infinite horrors of the Abyss.
  4311 | D:5      | Noticed Esekla's ghost (weakling BaDe)
  4343 | D:5      | Reached skill level 5 in Armour
  4343 | D:5      | Reached XP level 7. HP: 27/43 MP: 7/7
  4756 | D:5      | Reached skill level 5 in Axes
  5177 | D:5      | Found a broken altar of Ashenzari.
  5205 | D:5      | Found a transporter.
  5207 | D:5      | Found a transporter.
  5282 | D:5      | Reached XP level 8. HP: 43/48 MP: 8/8
  5376 | D:5      | Reached skill level 6 in Axes
  5387 | D:5      | Reached skill level 5 in Shields
  5448 | D:5      | Reached skill level 5 in Fighting
  5554 | D:5      | Found a staircase to the Ecumenical Temple.
  5638 | Temple   | Entered the Ecumenical Temple
  6420 | D:5      | Killed Esekla's ghost
  6684 | D:6      | Gained mutation: You have sharp toenails. [potion of
                  | mutation]
  6684 | D:6      | Gained mutation: You are covered in fur. (AC +1) [potion of
                  | mutation]
  6684 | D:6      | Gained mutation: Your spells are a little harder to cast,
                  | but a little more powerful. [potion of mutation]
  6685 | D:6      | Lost mutation: Your spells are a little harder to cast, but
                  | a little more powerful. [potion of mutation]
  6685 | D:6      | Lost mutation: You have sharp toenails. [potion of
                  | mutation]
  6685 | D:6      | Lost mutation: You are covered in fur. (AC +1) [potion of
                  | mutation]
  6685 | D:6      | Gained mutation: You are weak. (Str -2) [potion of
                  | mutation]
  6685 | D:6      | Gained mutation: You are partially covered in iridescent
                  | scales. (AC +2) [potion of mutation]
  6685 | D:6      | Gained mutation: Your mind is acute. (Int +2) [potion of
                  | mutation]
  7027 | D:6      | Reached skill level 7 in Axes
  7057 | D:6      | Found a basalt altar of Yredelemnul.
  7605 | D:7      | Reached XP level 9. HP: 36/54 MP: 9/9
  7827 | D:7      | Found a glowing silver altar of Zin.
  7830 | D:7      | Noticed a skeletal warrior
  7830 | D:7      | Noticed a seven-headed hydra
  7833 | D:7      | Found a transporter.
  7847 | D:7      | Found a transporter.
  7890 | D:7      | Found an ancient bone altar of Kikubaaqudgha.
  7894 | D:7      | Found a hide-covered altar of Uskayaw.
  7896 | D:7      | Found a radiant altar of Vehumet.
  7948 | D:7      | Found a burning altar of Makhleb.
  7948 | D:7      | Noticed a balrug
  8363 | D:7      | Reached skill level 1 in Evocations
  8390 | D:8      | Reached skill level 8 in Axes
  8472 | D:8      | Noticed a skeletal warrior
  8482 | D:8      | HP: 2/55 [skeletal warrior/+0 war axe (10)]
  8485 | D:8      | Slain by a skeletal warrior

Illustrated notes

Levels and vault maps discovered:
D:1:      dpeg_arrival_arbitrary_a, layout_loops_cross,
          nicolae_figureground_sparkle
D:2:      layout_loops_cross, serial_shops, nicolae_shop_waterfront,
          dilly_ecumenical_altar_fadedgnrine, st_stairs_1,
          kennysheep_generic_room_9
D:3:      layout_basic
D:4:      layout_rooms, mainiacjoe_overflow_cross_hatched
D:5:      layout_basic, lemuel_round_altar, lemuel_temple_firewalk_b,
          serial_undead, serial_undead_c, serial_undead_b, serial_undead_f,
          serial_undead_c, gammafunk_ghost_abyssal_escape
D:6:      layout_gridville, yredelemnul_altar_generic
D:7:      layout_rooms, makhleb_altar_promises_db,
          chequers_temple_overflow_statue_of_worship,
          gammafunk_temple_overflow_arena, minmay_diced_spiral
D:8:      layout_loops_ring, lair_entry_dummy, minmay_small_thing
Temple:   nicolae_temple_figure_eight

Skill      XL: |  1  2  3  4  5  6  7  8  9 |
---------------+----------------------------+-----
Axes           | 2 3 4 5 7 8 |  8.1
Armour         | 4 5 6 7 |  7.0
Shields        | 4 5 6 |  6.0
Fighting       | 4 5 |  5.8
Evocations     | 1 |  1.2

Action                   |  1- 3 |  4- 6 |  7- 9 || total
-------------------------+-------+-------+-------++-------
Melee: War axe           |   104 |   158 |   308 ||   570
  Use: Scroll            |     2 |     9 |     4 ||    15
       Potion            |       |       |     5 ||     5
Armor: Scale mail        |    16 |       |       ||    16
       Chain mail        |    37 |    88 |   272 ||   397
Dodge: Dodged            |    39 |    57 |   127 ||   223
Block: Buckler           |    32 |    49 |   143 ||   224

Table legend: (Time is in decaauts)
 A = Elapsed time spent in this place.
 B = Non-inter-level travel time spent in this place.
 C = Inter-level travel time spent in this place.
 D = Time resting spent in this place.
 E = Time spent auto-exploring this place.
 F = Levels seen in this place.
 G = Mean time per level.
                   A        B        C        D        E       F      G
               +--------+--------+--------+--------+--------+-----+--------+
         Total |   8655 |   8453 |    202 |   1671 |   4876 |   9 |  961.7 |
       Dungeon |   8436 |   8245 |    191 |   1671 |   4670 |   8 | 1054.5 |
        Temple |    219 |    208 |     11 |      0 |    206 |   1 |  219.0 |
               +--------+--------+--------+--------+--------+-----+--------+

Top non-repeatable levels by time:
     D:5: 2231 daAuts
     D:2: 1677 daAuts
     D:1: 1415 daAuts
     D:6: 908 daAuts
     D:7: 793 daAuts
     D:3: 747 daAuts
     D:4: 534 daAuts
  Temple: 219 daAuts
     D:8: 128 daAuts
